 Dungeon Crawl Stone Soup version 0.28.0-53-g5a82cb258f (webtiles) character file.

Game seed: 11885672662096483834

15 melloss the Sneak (level 2, -1/13 HPs)
             Began as a Spriggan Enchanter on May 24, 2022.
             Was an Initiate of Ru.
             Frozen to death by an endoplasm (5 damage)
             ... on level 1 of the Dungeon on May 26, 2022.
             The game lasted 00:03:12 (440 turns).

melloss the Sneak (Spriggan Enchanter)               Turns: 440, Time: 00:03:13

Health: -1/13      AC:  2    Str:  4    XL:     2   Next: 34%
Magic:  15/15      EV: 18    Int: 16    God:    Ru [......]
Gold:   27         SH:  0    Dex: 15    Spells: 4/6 levels left

rFire   . . .      SeeInvis +   a - +1 dagger
rCold   . . .      Faith    .   (no shield)
rNeg    . . .      Spirit   .   b - +0 robe
rPois   .          Reflect  .   (helmet restricted)
rElec   .          Harm     .   (no cloak)
rCorr   .          Rampage  .   (gloves unavailable)
Will    .....                   (boots unavailable)
Stlth   +++.......              (no amulet)
HPRegen 0.04/turn               d - ring of magical power
MPRegen 0.14/turn               (no ring)

@: very quick
A: very small, no large weapons, unfitting armour, see invisible, speed 3
a: Renounce Religion, Sacrifice Stealth, Sacrifice Love, Sacrifice Nimbleness,
Reject Sacrifices


You were on level 1 of the Dungeon.
You worshipped Ru.
Ru was noncommittal.
You visited 1 branch of the dungeon, and saw 1 of its levels.

You collected 27 gold pieces.

Inventory:

Hand Weapons
 a - a +1 dagger (weapon)
Armour
 b - a +0 robe (worn)
Jewellery
 d - a ring of magical power (left hand)
Potions
 c - a potion of invisibility


   Skills:
 - Level 1.1 Short Blades
 + Level 3.4 Dodging
 + Level 5.1 Stealth
 - Level 2.7 Spellcasting
 - Level 3.6 Hexes


You had 4 spell levels left.
You knew the following spells:

 Your Spells              Type           Power      Damage    Failure   Level
a - Ensorcelled Hibernat  Hex/Ice        16%        N/A       14%         2

Your spell library contained the following spells:

 Spells                   Type           Power      Damage    Failure   Level
 Confusing Touch          Hex            13%        N/A       13%         3
 Tukima's Dance           Hex            13%        N/A       13%         3
 Dazzling Flash           Conj/Hex       16%        N/A       26%         3


Dungeon Overview and Level Annotations

Branches:
Dungeon (1/15)

Altars:
Ru


Innate Abilities, Weirdness & Mutations

You are very small and have problems with some larger weapons.
You are too small for most types of armour.
You have supernaturally acute eyesight. (SInv)
You cover ground extremely quickly. (Speed+++)


Message History

An endoplasm comes into view.
The endoplasm quivers.
You hit the quokka.
The quokka is severely wounded.
The quokka misses you.
You hit the quokka.
The quokka is severely wounded.
The quokka misses you.
You hit the quokka.
You kill the quokka!
You hit the endoplasm but do no damage. The endoplasm freezes you.
You are frozen.
You hit the endoplasm.
The endoplasm is lightly wounded.
The endoplasm barely misses you.
You barely miss the endoplasm.
The endoplasm is lightly wounded.
The endoplasm closely misses you.
You hit the endoplasm.
The endoplasm is heavily wounded.
The endoplasm completely misses you.
You hit the endoplasm.
The endoplasm is almost dead.
The endoplasm freezes you.
You are frozen.
You completely miss the endoplasm.
The endoplasm is almost dead.
The endoplasm hits you but does no damage.
You hit the endoplasm.
You kill the endoplasm!
You hit the rat.
The rat is heavily wounded.
The rat completely misses you.
You hit the rat.
You kill the rat!
You barely miss the endoplasm. The endoplasm freezes you.
You are frozen.
You die...

##.#########.#..##.#.####
...............#.##.####
###.########....##.#.....
#........#.#..#(#.##.....
#.#.####.#.......÷...#._.
#.#..###.#.#....###.##...
#......#........###.##...
#####...###.#.#..##.......
........gJ@.....÷.##.......
###.....$###.#.............
.........# #.#...#######...
##.......# #.#...# ####
#........ ..#..... #
#......#. .#...## #
..####.#.# #...# #. #. .#
###


You could see an endoplasm and a goblin.

Vanquished Creatures
  A dart slug (D:1)
  An endoplasm (D:1)
  2 giant cockroaches (D:1)
  2 hobgoblins (D:1)
  A kobold (D:1)
  A quokka (D:1)
  2 ball pythons (D:1)
  A frilled lizard (D:1)
  A rat (D:1)
12 creatures vanquished.

Notes
Turn   | Place    | Note
-------+----------+-------------------------------------------
     0 | D:1      | melloss the Spriggan Enchanter began the quest for the Orb.
     0 | D:1      | Reached XP level 1. HP: 9/9 MP: 5/5
    23 | D:1      | Found a faded altar of an unknown god.
    32 | D:1      | Prayed at the altar of an unknown god.
    32 | D:1      | Became a worshipper of Ru the Awakened
   212 | D:1      | Reached XP level 2. HP: 13/13 MP: 6/6
   216 | D:1      | Learned a level 2 spell: Ensorcelled Hibernation
   353 | D:1      | Reached skill level 5 in Stealth
   440 | D:1      | Frozen to death by an endoplasm

Illustrated notes

Levels and vault maps discovered:
D:1:      dpeg_arrival_line_fractal, layout_basic, basic_ecumenical_altar,
          minmay_misc_feat_nine_boxes, corner_web_ring, minmay_misc_feat_tiny

Skill      XL: |  1  2 |
---------------+-------+-----
Dodging        | 3 |  3.4
Stealth        | 5 |  5.1
Short Blades   | |  1.1
Spellcasting   | |  2.7
Hexes          | |  3.6

Action                   || total
-------------------------++-------
Melee: Dagger            ||    50
 Stab: Sleeping          ||     3
Armor: Robe              ||     6
Dodge: Dodged            ||    37
